 Dungeon Crawl Stone Soup version 0.27-a0-1200-g94dc6ad4cf (webtiles) character file.

Game seed: 2963270559642718247

158 Iscandelvey the Magician (level 5, -3/35 HPs)
             Began as a Djinni Hedge Wizard on June 1, 2021.
             Slain by a scorpion (5 damage)
             ... on level 3 of the Dungeon.
             The game lasted 00:15:37 (4513 turns).

Iscandelvey the Magician (Djinni Hedge Wizard)      Turns: 4513, Time: 00:15:38

Health: -3/35      AC:  2    Str: 15    XL:     5   Next: 66%
Gold:   80         EV: 12    Int: 17    God:
                   SH:  0    Dex: 12

rFire    + + .     SeeInvis .   a - +0 dagger
rCold    x . .     Faith    .   (no shield)
rNeg     . . .     Spirit   .   b - +0 robe
rPois    ∞         Reflect  .   c - +0 hat
rElec    .         Harm     .   (no cloak)
rCorr    .         Rampage  .   (no gloves)
Will     +....                  (boots unavailable)
Stlth    ++........             (no amulet)
HPRegen  0.11/turn              f - ring of willpower
MPRegen  0.00/turn              h - +6 ring of strength

@: flying
A: sickness immunity, fire resistance 2, cold vulnerability 1, float, innate
caster, hp casting, extra vitality 1
a: no special abilities


You were on level 3 of the Dungeon.
You visited 1 branch of the dungeon, and saw 3 of its levels.

You collected 80 gold pieces.

Inventory:

Hand Weapons
 a - a +0 dagger (weapon)
Missiles
 d - 28 poisoned darts (quivered)
Armour
 b - a +0 robe (worn)
 c - a +0 hat (worn)
 i - a +0 ring mail
Jewellery
 f - a ring of willpower (left hand)
 h - a +6 ring of strength (right hand)
 s - an amulet of magic regeneration
Wands
 o - a wand of flame (21)
 p - a wand of polymorph (9)
Scrolls
 e - a scroll of silence {unknown}
 j - 2 scrolls of identify {unknown}
 k - a scroll of holy word {unknown}
 l - a scroll of enchant armour {unknown}
 r - a scroll of blinking {unknown}
Potions
 g - a potion of brilliance {unknown}
 m - 3 potions of curing {unknown}
 n - a potion of mutation {unknown}
 q - a potion of might {unknown}
 t - a potion of berserk rage {unknown}


   Skills:
 + Level 1.9 Armour
 + Level 3.3 Dodging
 + Level 2.5 Stealth
 * Level 3.4 Spellcasting


You couldn't memorise any spells.
You knew the following spells:

 Your Spells              Type           Power      Damage    Failure   Level
a - Magic Dart            Conj           56%        1d5       4%          1
b - Blink                 Tloc           N/A        N/A       6%          2
c - Call Imp              Summ           14%        N/A       6%          2
d - Slow                  Hex            14%        N/A       6%          2
e - Conjure Flame         Conj/Fire      14%        6-21      12%         3
f - Mephitic Cloud        Conj/Pois/Air  14%        N/A       12%         3
g - Freeze                Ice            56%        1d7       4%          1
h - Corpse Rot            Necr/Air       N/A        N/A       6%          2
Your spell library was empty.

Dungeon Overview and Level Annotations

Branches:
Dungeon (3/15)

Altars:


Innate Abilities, Weirdness & Mutations

You are immune to sickness and miasma.
You are immune to poison.
Your flesh is very heat resistant. (rF++)
You are vulnerable to cold. (rC-)
You float through the air rather than walking.
You learn spells naturally, not from books.
Your magical power is your life essence.
You have superior vitality. (+4 HP)


Message History

The scorpion stings you!
* * * LOW HITPOINT WARNING * * *
The scorpion stings you.
* * * LOW HITPOINT WARNING * * *
Throw: 30 darts (poison)
Press: ? - help, Q - select action, (/) - cycle Shift-Dir - straight line, f/p - scorpion
Aim: a scorpion (heavily wounded, 56% to hit)
You throw a poisoned dart.
The poisoned dart barely misses the scorpion.
The scorpion stings you.
* * * LOW HITPOINT WARNING * * *
Casting: Magic Dart (safe; 4% risk of failure)
Confirm with . or Enter, or press ? or * to list all spells.
Aiming: Magic Dart (safe; 4% risk of failure)
Press: ? - help, Shift-Dir - straight line, f/p - scorpion
Aim: a scorpion (heavily wounded, 100% to hit)
The magic dart hits the scorpion.
The scorpion is heavily wounded.
* * * LOW HITPOINT WARNING * * *
The scorpion barely misses you.
Throw: 29 darts (poison)
Press: ? - help, Q - select action, (/) - cycle Shift-Dir - straight line, f/p - scorpion
Aim: a scorpion (heavily wounded, 56% to hit)
You throw a poisoned dart. The poisoned dart hits the scorpion.
The scorpion is heavily wounded.
The scorpion barely misses you.
Throw: 28 darts (poison)
Press: ? - help, Q - select action, (/) - cycle Shift-Dir - straight line, f/p - scorpion
Aim: a scorpion (heavily wounded, 56% to hit)
Okay, then.
You hit the scorpion but do no damage.
The scorpion is heavily wounded.
The scorpion closely misses you.
You closely miss the scorpion.
The scorpion is heavily wounded.
The scorpion closely misses you. The scorpion misses you.
You barely miss the scorpion.
The scorpion is heavily wounded.
The scorpion stings you.
You die...

#####g####.########..########.#
#K# #.# #.........<.# #.#
##.########.#######....
#.###...##s...s..K........#
#.##.#.....####.#####.....#
#.s.....#### #.#..<)......
######..# #.#.###.....#
######..#######.#.# ##...##
..........@s..)).(# ##.##
#####..####.###### #.# ###..#
#.# ..# #<...# #.# .## #.##.##
#.# #.#...###.# #.#........
#.###.#...###.# #............


You could see a scorpion.

Vanquished Creatures
  Ijyb (D:3)
  Terence (D:3)
  An orc wizard (D:2)
  An adder (D:2)
  An ufetubus (D:2)
  3 worms
  2 dart slugs (D:1)
  4 orcs
  3 ball pythons (D:1)
  7 endoplasms
  A giant cockroach (D:2)
  3 goblins
  4 hobgoblins
  2 quokkas (D:1)
  6 bats
  A frilled lizard (D:2)
  7 kobolds
  A rat (D:1)
49 creatures vanquished.

Notes
Turn   | Place    | Note
-------+----------+-------------------------------------------
     0 | D:1      | Iscandelvey the Djinni Hedge Wizard began the quest for the
                  | Orb.
     0 | D:1      | Reached XP level 1. HP: 15/15 MP: 0/0
   280 | D:1      | Reached XP level 2. HP: 14/21 MP: 0/0
   897 | D:1      | Reached XP level 3. HP: 23/25 MP: 0/0
   897 | D:1      | Learned a level 1 spell: Freeze
   978 | D:1      | Reached skill level 1 in Armour
  2148 | D:2      | Reached XP level 4. HP: 5/31 MP: 0/0
  3512 | D:3      | Noticed Ijyb
  3525 | D:3      | Killed Ijyb
  3526 | D:3      | Reached XP level 5. HP: 12/35 MP: 0/0
  3526 | D:3      | Learned a level 2 spell: Corpse Rot
  3829 | D:3      | Noticed Terence
  3855 | D:3      | Killed Terence
  4047 | D:3      | Noticed a kobold brigand
  4513 | D:3      | Slain by a scorpion

Illustrated notes

Levels and vault maps discovered:
D:1:      minmay_arrival_diagonal_passages, layout_loops_ring
D:2:      layout_loops_ring
D:3:      layout_loops_ring, minmay_divided_ellipse, uniq_terence, uniq_ijyb

Skill      XL: |  1  2  3  4 |
---------------+-------------+-----
Armour         | 1 |  1.9
Stealth        | 2 |  2.5
Spellcasting   | 3 |  3.4
Dodging        | 3 |  3.3

Action                   |  1- 3 |  4- 6 || total
-------------------------+-------+-------++-------
Melee: Dagger            |     1 |     5 ||     6
Throw: Dart              |       |    16 ||    16
 Cast: Magic Dart        |    92 |    63 ||   155
       Freeze            |     8 |     9 ||    17
Armor: Robe              |     4 |     4 ||     8
Dodge: Dodged            |    13 |    26 ||    39

Table legend: (Time is in decaauts)
 A = Elapsed time spent in this place.
 B = Non-inter-level travel time spent in this place.
 C = Inter-level travel time spent in this place.
 D = Time resting spent in this place.
 E = Time spent auto-exploring this place.
 F = Levels seen in this place.
 G = Mean time per level.
                   A        B        C        D        E       F      G
               +--------+--------+--------+--------+--------+-----+--------+
         Total |   4516 |   4394 |    122 |   1812 |   2090 |   3 | 1505.3 |
       Dungeon |   4516 |   4394 |    122 |   1812 |   2090 |   3 | 1505.3 |
               +--------+--------+--------+--------+--------+-----+--------+

Top non-repeatable levels by time:
     D:1: 2290 daAuts
     D:2: 1623 daAuts
     D:3: 603 daAuts
